 Dungeon Crawl Stone Soup version 0.22-a0-240-g539252a (webtiles) character file.

2 Amnesiac the Charlatan (level 1, 0/9 HPs)
             Began as a Spriggan Artificer on Feb 21, 2018.
             Slain by a goblin
             ... wielding a +0 club
              (5 damage)
             ... on level 1 of the Dungeon.
             The game lasted 00:00:44 (94 turns).

Amnesiac the Charlatan (Spriggan Artificer)           Turns: 94, Time: 00:00:45

Health: 0/9        AC:  2    Str:  8    XL:     1   Next: 33%
Magic:  4/4        EV: 18    Int: 12    God:
Gold:   9          SH:  0    Dex: 16    Spells: 0/0 levels left

rFire    . . .     SeeInvis +   a - +0 short sword
rCold    . . .     Gourm    .   (shield restricted)
rNeg     . . .     Faith    .   b - +0 robe
rPois    .         Spirit   .   (helmet restricted)
rElec    .         Reflect  .   (no cloak)
rCorr    .         Harm     .   (gloves unavailable)
MR       .....                  (boots unavailable)
Stlth    ++........             (no amulet)
HPRegen  0.03/turn              (no ring)
MPRegen  0.09/turn              (no ring)

@: very quick
A: very small, unfitting armour, see invisible, herbivore, speed 3, slow
metabolism 2
a: no special abilities


You were on level 1 of the Dungeon.
You were not hungry.

You visited 1 branch of the dungeon, and saw 1 of its levels.

You collected 9 gold pieces.

Inventory:

Hand Weapons
 a - a +0 short sword (weapon)
Armour
 b - a +0 robe (worn)
Wands
 c - a wand of flame (15)
 d - a wand of enslavement (15)
 e - a wand of random effects (15)
Potions
 g - 2 potions of haste {!q, unknown}
Comestibles
 f - a ration


   Skills:
 + Level 0.8 Fighting
 + Level 1.1 Short Blades
 + Level 3.0 Dodging
 + Level 1.6 Stealth
 * Level 4.1 Evocations


You couldn't memorise any spells.
You didn't know any spells.

Dungeon Overview and Level Annotations

Branches:
Dungeon (1/15)

Altars:


Innate Abilities, Weirdness & Mutations

You are very small and have problems with some larger weapons.
You are too small for most types of armour.
You have supernaturally acute eyesight. (SInv)
You are a herbivore.
You cover ground extremely quickly.
You need consume almost no food.


Message History

Welcome, Amnesiac the Spriggan Artificer.
It is said that the Orb of Zot exists deep within this dungeon.
Press ? for a list of commands and other information.
Found a staircase leading out of the dungeon.
Found a stone staircase leading down.
g - 2 bubbling sapphire potions {!q} You now have 9 gold pieces.
A hobgoblin comes into view.
A hobgoblin is nearby!
The hobgoblin shouts!
You hear a shout!
Found 9 gold pieces.
A goblin and a kobold come into view.
The kobold shouts!
The kobold moves out of view.
You hit the hobgoblin.
The hobgoblin is heavily wounded.
The hobgoblin hits you.
A rat comes into view.
You hit the hobgoblin.
The hobgoblin is almost dead.
The hobgoblin barely misses you.
You hit the hobgoblin.
You kill the hobgoblin!
You hit the kobold but do no damage. The kobold completely misses you.
You closely miss the kobold. The kobold barely misses you.
You swing at nothing.
You swing at nothing.
You closely miss the goblin. The goblin completely misses you.
You swing at nothing.
You closely miss the kobold. The kobold misses you.
You swing at nothing.
You swing at nothing.
You hit the kobold but do no damage. The kobold closely misses you.
The kobold barely misses you.
You miss the kobold. The kobold closely misses you.
You hit the kobold.
The kobold is severely wounded.
The kobold misses you.
You hit the kobold.
You kill the kobold!
The rat completely misses you.
You hit the rat but do no damage. The rat bites you but does no damage.
You closely miss the rat. The rat bites you.
You hit the rat.
You kill the rat!
You closely miss the goblin. The goblin closely misses you.
You hit the goblin but do no damage. The goblin hits you but does no damage.
You closely miss the goblin. The goblin misses you.
You hit the goblin.
The goblin is moderately wounded.
The goblin hits you with a club.
Ouch! That really hurt!
You die...

#####....# #.....# #
.........### ###.#.#.### .#
...........# #.........# ..≈
...........#
###.#.#.#.#.###..≈
###........#
......#.#........♣ #
#........# #.#.###.###.#.#.>♣
#
#........#####......<......#
≈ #
#............#.#.###.###.#.##
#
#............g@....#.#......#
#
#............###.#.#.#.#.####
# #........###...#.........#
########## ###.###.#.#.###
#...#.....# ###.#.###.# #...#
### #####


You could see a goblin.

Vanquished Creatures
  A hobgoblin (D:1)
  A kobold (D:1)
  A rat (D:1)
3 creatures vanquished.

Notes
Turn   | Place    | Note
-------+----------+-------------------------------------------
     0 | D:1      | Amnesiac the Spriggan Artificer began the quest for the Orb.
     0 | D:1      | Reached XP level 1. HP: 9/9 MP: 4/4
    94 | D:1      | Slain by a goblin

Vault maps used:
D:1:      roderic_chinese_lattice_arrival, serial_bayou_lake_a

Action                   || total
-------------------------++-------
Melee: Short sword       ||    18
Armor: Robe              ||     1
Dodge: Dodged            ||    12

Table legend:
 A = Spawn XP
 B = Non-spawn XP
 C = Spawn XP percentage of total XP
 D = Spawn monster count
 E = Non-spawn monster count
 F = Spawn count percentage of total count
 G = Total turns spent on level
                    A         B        C        D         E        F      G
               +---------+---------+-------+---------+---------+-------+---------
         Total |       0 |       4 |   0.0 |       0 |       3 |   0.0 |    94
               +---------+---------+-------+---------+---------+-------+---------
           D:1 |       0 |       4 |   0.0 |       0 |       3 |   0.0 |    94
               +---------+---------+-------+---------+---------+-------+---------
